AoeStats
← Fsy

Fortress

509700413Analyzed
3v3 RM · 4d ago on Sep 27, 2026· 40m 27s· 6 players
Game mode
Random Map
Map size
Large (8 player)
Population
200
Speed
Normal
Resources
Standard
Victory
Conquest
Starting age
Dark Age
Ending age
Imperial Age
RankedLock teamsTeams togetherTeam positionsShared explorationLock speedFull tech treeHidden civsTurbo modeCheats
Victory
Defeat
🇹🇷 Japanese · Türkiye
777
+15
🇹🇷 Burmese · Türkiye
750
+16
🇹🇷 Goths · Türkiye
742
+16
🇲🇽 Mongols · Mexico
800
-18
🇯🇴 Franks · Jordan
775
-17
🇲🇽 Britons · Mexico
660
-12
DaniSkywalker98
1:23 Loom
8:54 Feudal Age
10:03 Double-Bit Axe
10:58 Wheelbarrow
10:07 Horse Collar
12:47 Stone Mining
12:48 Gold Mining
17:31 Town Watch
19:54 Castle Age
18:12 Fletching
21:19 Hand Cart
21:26 Bow Saw
21:37 Heavy Plow
22:13 Husbandry
22:25 Bloodlines
23:32 Stone Shaft Mining
24:57 Gold Shaft Mining
24:30 Padded Archer Armor
24:26 Bodkin Arrow
29:06 Thumb Ring
33:27 Imperial Age
37:21 Imperial Age
36:20 Fortified Wall
36:13 Caravan
38:21 Elite Steppe Lancer
38:58 Heavy Scorpion
40:20 Conscription
cdaniel.jr98
0:38 Loom
7:46 Feudal Age
9:39 Wheelbarrow
10:34 Town Watch
12:43 Double-Bit Axe
12:47 Horse Collar
13:24 Gold Mining
15:58 Stone Mining
16:02 Man-at-Arms
16:28 Arson
20:25 Castle Age
21:53 Husbandry
21:14 Light Cavalry
22:02 Squires
22:46 Gold Shaft Mining
23:09 Town Patrol
24:39 Bow Saw
25:38 Caravan
26:24 Hand Cart
29:34 Masonry
30:42 Crossbowman
30:43 Elite Skirmisher
30:46 Long Swordsman
30:48 Pikeman
31:13 Gambesons
39:09 Yeomen
40:04 Treadmill Crane
40:15 Heated Shot
40:17 Guard Tower
40:38 Fortified Wall
40:23 Murder Holes
MR.ESSA
8:10 Feudal Age
16:06 Castle Age
13:53 Loom
14:44 Wheelbarrow
13:54 Town Watch
17:08 Double-Bit Axe
22:56 Man-at-Arms
23:22 Gambesons
29:51 Crossbowman
29:58 Elite Skirmisher
31:53 Husbandry
33:51 Fortified Wall
33:37 Murder Holes
39:16 Imperial Age
36:33 Pikeman
37:14 Squires
40:58 Squires
AlliswereLVII
9:37 Feudal Age
10:05 Double-Bit Axe
10:07 Horse Collar
17:23 Castle Age
16:45 Padded Archer Armor
16:36 Fletching
16:48 Scale Mail Armor
18:24 Bow Saw
18:17 Heavy Plow
19:20 Wheelbarrow
21:55 Loom
22:30 Hand Cart
22:02 Town Watch
26:05 Scale Mail Armor
26:16 Forging
30:08 Imperial Age
29:47 Town Patrol
30:23 Elite Samurai
33:48 Two-Man Saw
33:32 Parthian Tactics
33:53 Heavy Cavalry Archer
34:53 Leather Archer Armor
34:34 Bodkin Arrow
36:09 Chemistry
36:43 Ring Archer Armor
36:29 Chain Mail Armor
Beko
8:48 Feudal Age
8:51 Loom
10:56 Wheelbarrow
12:37 Loom
12:26 Man-at-Arms
15:39 Castle Age
13:34 Man-at-Arms
14:11 Gold Mining
14:15 Stone Mining
14:52 Horse Collar
15:44 Forging
16:21 Scale Mail Armor
17:57 Long Swordsman
19:10 Hand Cart
21:32 Iron Casting
21:08 Heavy Plow
23:32 Chain Mail Armor
28:23 Imperial Age
26:15 Gambesons
27:19 Squires
29:29 Conscription
29:41 Crop Rotation
28:39 Two-Handed Swordsman
30:21 Blast Furnace
30:59 Chemistry
29:41 Treadmill Crane
30:24 Ballistics
32:14 Plate Mail Armor
32:32 Champion
34:29 Pikeman
35:45 Halberdier
Fsy
9:04 Feudal Age
9:38 Double-Bit Axe
9:36 Horse Collar
10:36 Wheelbarrow
12:02 Gold Mining
12:43 Man-at-Arms
16:51 Castle Age
18:07 Heavy Plow
18:21 Bow Saw
17:55 Long Swordsman
17:56 Pikeman
18:37 Squires
21:00 Anarchy
25:55 Hand Cart
26:14 Scale Mail Armor
29:34 Forging
29:40 Chain Mail Armor
33:27 Imperial Age
33:36 Elite Huskarl
34:17 Perfusion
35:25 Two-Man Saw
34:59 Crop Rotation
35:06 Iron Casting
38:45 Halberdier
41:35 Blast Furnace
Connection lost

Rejoining the realm…

Still unreachable

The connection could not be restored.

Session expired

The server has moved on; the page needs a fresh start.